 Dungeon Crawl Stone Soup version 0.30-b1-2-g02819fbbbe (webtiles) character file.

Game seed: 6554703691222201509

2862 Mesmaeker13 the Summoner (level 9, -30/74 HPs)
             Began as an Ogre Summoner on Aug 2, 2023.
             Killed by an exploding butterfly (34 damage)
             ... ignited by their inner flame
             ... on level 7 of the Dungeon.
             The game lasted 00:23:04 (7321 turns).

Mesmaeker13 the Summoner (Ogre Summoner)            Turns: 7321, Time: 00:23:04

Health: -30/74     AC: 10    Str: 14    XL:     9   Next: 75%
Magic:  15/15      EV: 10    Int: 20    God:
Gold:   262        SH:  0    Dex:  9    Spells: 8/17 levels left

rFire   . . .        m - +0 trident (drain)
rCold   . . .        (no shield)
rNeg    . . .        A - +0 steam dragon scales
rPois   .            (helmet restricted)
rElec   .            (no cloak)
rCorr   .            (gloves unavailable)
SInv    .            (boots unavailable)
Will    .....        (no amulet)
Stlth   +            r - +4 ring of protection
HPRegen 0.32/turn    (no ring)
MPRegen 0.14/turn

%: no passive effects
@: weak-willed
A: large, unfitting armour, tough skin 1
a: no special abilities


You were on level 7 of the Dungeon.
You visited 1 branch of the dungeon, and saw 7 of its levels.

You collected 262 gold pieces.

Inventory:

Hand Weapons
 m - a +0 trident of draining (weapon)
 y - a +1 giant spiked club
 F - a +3 scimitar
Missiles
 a - 3 curare-tipped darts
Armour
 A - +0 steam dragon scales (worn)
Jewellery
 c - a ring of flight
 r - a +4 ring of protection (left hand)
 w - a ring of fire
 C - an amulet of guardian spirit
Wands
 j - a wand of flame (15)
 u - a wand of charming (21)
Scrolls
 e - a scroll of enchant weapon
 h - 2 scrolls of magic mapping
 l - a scroll of fog {unknown}
 n - 3 scrolls of brand weapon
 p - 4 scrolls of amnesia
 t - 2 scrolls of vulnerability
 x - a scroll of poison
 z - a scroll of teleportation {unknown}
 G - a scroll of blinking {unknown}
Potions
 b - a potion of magic
 d - a potion of might {unknown}
 g - a potion of mutation
 i - 2 potions of lignification
 k - a potion of cancellation {unknown}
 q - 2 potions of flight
 s - 2 potions of curing {unknown}
 v - a potion of ambrosia {unknown}
 B - a potion of brilliance {unknown}
 D - 2 potions of haste {unknown}
 E - 2 potions of degeneration {unknown}


   Skills:
 - Level 3.7 Dodging
 - Level 1.4 Stealth
 - Level 4.5 Spellcasting
 + Level 9.0 Summonings
 + Level 7.4 Air Magic


You had 8 spell levels left.
You knew the following spells:

 Your Spells              Type           Power      Damage    Failure   Level
a - Summon Lightning Spi  Summ/Air       37%        N/A       4%          4
b - Call Imp              Summ           80%        N/A       1%          2
c - Call Canine Familiar  Summ           40%        N/A       1%          3

Your spell library contained the following spells:

 Spells                   Type           Power      Damage    Failure   Level
 Summon Small Mammal      Summ           100%       N/A       1%          1
 Summon Guardian Golem    Hex/Summ       22%        N/A       5%          3
 Blink                    Tloc           8%         N/A       19%         2
 Lesser Beckoning         Tloc           8%         N/A       19%         2
 Momentum Strike          Conj/Tloc      8%         3d8       19%         2
 Ozocubu's Armour         Ice            4%         N/A       36%         3
 Ozocubu's Refrigeration  Ice            2%         4d7       100%        7


Dungeon Overview and Level Annotations

Branches:
Dungeon (7/15)
 Temple: D:4-7

Altars:
Ashenzari
Elyvilon
Fedhas
Nemelex Xobeh
Okawaru
Qazlal
Ru
Trog
Wu Jian
Zin


Innate Abilities, Weirdness & Mutations

You are too large for most types of armour.
You have tough skin. (AC +1)


Message History

The fiery explosion engulfs your butterfly!!
Your butterfly disappears in a burst of colours!
The fiery explosion engulfs the deep elf pyromancer!!
Flame seeps out of the deep elf pyromancer.
The deep elf pyromancer is heavily wounded.
Your butterfly explodes!
The fiery explosion engulfs the deep elf pyromancer!
Flame seeps out of the deep elf pyromancer.
The deep elf pyromancer is almost dead.
Your butterfly explodes!
The fiery explosion engulfs your butterfly!!
Your butterfly disappears in a burst of colours!
The fiery explosion engulfs your butterfly!!!
Your butterfly disappears in a burst of colours!
The fiery explosion engulfs your butterfly!!
Your butterfly disappears in a burst of colours!
The fiery explosion engulfs you!!
* * * LOW HITPOINT WARNING * * *
Your butterfly explodes!
The fiery explosion engulfs your butterfly!
Your butterfly disappears in a burst of colours!
The fiery explosion engulfs your butterfly!!
Your butterfly disappears in a burst of colours!
Your butterfly explodes! x2
The fiery explosion engulfs your butterfly!!
Your butterfly disappears in a burst of colours!
Your butterfly explodes! x2
The fiery explosion engulfs your butterfly!!
Your butterfly disappears in a burst of colours!
The fiery explosion engulfs your butterfly!!
Your butterfly disappears in a burst of colours!
The fiery explosion engulfs your butterfly!!
Your butterfly disappears in a burst of colours!
Your butterfly explodes!
The fiery explosion engulfs your butterfly!!
Your butterfly disappears in a burst of colours!
The fiery explosion engulfs your butterfly!!
Your butterfly disappears in a burst of colours!
The fiery explosion engulfs you!!
You die...

..
#...####.#.♣
.. ##...#
#...♣ ...
#...# ##...
... ##..#
#.## # #
#.(# #.# ##§
b# ##.## #.#
#§§###e#
#..####.#
#§§§§§§#
##...##.#
#§§@##
###....##
#§§§#y#
###...##
#b§§##.B#
###... #bb.


h.bD. ###. ###b .b#§§§. ..## bb .bb #§# #.... #§ ..#§ . #...## §§ B..§# .. #.
..# # #... You could see a boulder beetle (inner flame, poisoned, weak-willed),
a deep elf pyromancer (inner flame, weak-willed, ally target), a steam dragon
(inner flame, poisoned, ally target), a vampire mosquito (inner flame,
weak-willed, ally target) and a howler monkey (inner flame, catching breath,
weak-willed, ally target).

Vanquished Creatures
  A slime creature (D:5)
  A steam dragon (D:6)
  A sky beast (D:6)
  A black bear (D:6)
  Blork the orc (D:4)
  A wight (D:6)
  A jelly (D:5)
  3 hounds
  An orc priest (D:5)
  An iguana (D:4)
  An adder (D:6)
  A worm (D:3)
  4 dart slugs
  7 orcs
  2 ball pythons (D:3)
  4 endoplasms
  4 giant cockroaches
  A goblin (D:1)
  4 hobgoblins
  3 jackals
  3 kobolds
  A quokka (D:1)
  4 bats
  2 frilled lizards
  A rat (D:2)
54 creatures vanquished.

Vanquished Creatures (collateral kills)
  A slime creature (D:5)
  A sky beast (D:6)
  A black bear (D:5)
  2 ice beasts (D:5)
  4 ogres
  3 kobold brigands (D:5)
  2 scorpions
  4 wights (D:6)
  A howler monkey (D:6)
  5 jellies
  3 hounds
  3 orc priests
  An iguana (D:4)
  A sleepcap (D:6)
  4 orc wizards
  5 adders
  A shadow imp (D:6)
  A white imp (D:5)
  2 nameless horrors
  4 worms
  3 dart slugs
  8 orcs
  4 ball pythons
  3 bats
  6 endoplasms
  2 giant cockroaches
  2 goblins (D:1)
  4 hobgoblins
  A jackal (D:2)
  11 kobolds
  2 quokkas
  2 frilled lizards
  A rat (D:1)
98 creatures vanquished.

Vanquished Creatures (others)
  6 fungi (D:5)
  10 toadstools (D:5)
16 creatures vanquished.

Grand Total: 168 creatures vanquished

Notes
Turn   | Place    | Note
-------+----------+-------------------------------------------
     0 | D:1      | Mesmaeker13 the Ogre Summoner began the quest for the Orb.
     0 | D:1      | Reached XP level 1. HP: 16/16 MP: 3/3
   125 | D:1      | Reached XP level 2. HP: 12/24 MP: 3/5
   527 | D:1      | Reached XP level 3. HP: 29/31 MP: 5/7
   643 | D:1      | Learned a level 2 spell: Call Imp
   685 | D:2      | Identified the -2 pair of gloves of the Gusle {Str+2 SInv}
   696 | D:2      | Reached skill level 4 in Summonings
   817 | D:1      | Reached XP level 4. HP: 31/39 MP: 3/9
  1283 | D:2      | Found an iron altar of Okawaru.
  1766 | D:3      | Reached XP level 5. HP: 40/45 MP: 10/10
  1881 | D:3      | Learned a level 3 spell: Call Canine Familiar
  2412 | D:4      | Reached XP level 6. HP: 53/53 MP: 12/12
  2450 | D:4      | Noticed Blork the orc
  2602 | D:4      | Found a blossoming altar of Fedhas.
  2612 | D:4      | Learned a level 4 spell: Summon Lightning Spire
  2633 | D:4      | Found a stormy altar of Qazlal.
  2718 | D:4      | Reached skill level 5 in Summonings
  2771 | D:4      | Found an ornate altar of the Wu Jian Council.
  2817 | D:4      | Reached skill level 1 in Air Magic
  2919 | D:4      | Found a glowing silver altar of Zin.
  3031 | D:4      | Found a bloodstained altar of Trog.
  3056 | D:4      | Reached XP level 7. HP: 59/59 MP: 8/13
  3288 | D:4      | Found a broken altar of Ashenzari.
  3292 | D:4      | Saw a vision of the Swamp and the Snake Pit.
  3292 | D:4      | Noticed an anaconda
  3292 | D:4      | Noticed a naga warrior
  3292 | D:4      | Noticed a naga
  3292 | D:4      | Noticed an anaconda
  3292 | D:4      | Noticed a naga ritualist
  3292 | D:4      | Noticed a black mamba
  3292 | D:4      | Noticed a black mamba
  3292 | D:4      | Noticed a naga warrior
  3292 | D:4      | Noticed a four-headed hydra
  3292 | D:4      | Noticed a ghost crab
  3292 | D:4      | Noticed a bloated husk
  3292 | D:4      | Noticed a black mamba
  3292 | D:4      | Noticed a naga mage
  3292 | D:4      | Noticed a naga
  3293 | D:4      | Noticed a black mamba
  3294 | D:4      | Noticed a naga
  3297 | D:4      | Noticed a four-headed hydra
  3382 | D:4      | Killed Blork the orc
  3484 | D:5      | Entered Level 5 of the Dungeon
  3640 | D:5      | Reached skill level 6 in Summonings
  3756 | D:5      | Found a sacrificial altar of Ru.
  3778 | D:5      | Reached XP level 8. HP: 61/67 MP: 4/14
  4184 | D:5      | Reached skill level 7 in Summonings
  4342 | D:5      | Found a sparkling altar of Nemelex Xobeh.
  4823 | D:5      | Found an iron altar of Okawaru.
  4888 | D:5      | Reached skill level 5 in Air Magic
  5151 | D:5      | Noticed a slime creature
  5173 | D:5      | Killed a slime creature
  5276 | D:5      | Noticed a slime creature
  5295 | D:5      | Killed a slime creature
  5296 | D:5      | Reached XP level 9. HP: 39/74 MP: 7/15
  5414 | D:5      | Reached skill level 8 in Summonings
  6790 | D:6      | Reached skill level 9 in Summonings
  7173 | D:6      | Found a white marble altar of Elyvilon.
  7315 | D:7      | Noticed a boulder beetle
  7315 | D:7      | Noticed a boulder beetle
  7316 | D:7      | Noticed a deep elf pyromancer
  7321 | D:7      | Killed by an exploding butterfly... ignited by their inner
                  | flame

Illustrated notes

Levels and vault maps discovered:
D:1:      tarquinn_simple_flora_water_a, layout_rooms
D:2:      layout_rooms, basic_altar
D:3:      layout_basic
D:4:      layout_loops_cross, mainiacjoe_overflow_alcove_1,
          grunt_ashenzari_visionary [grunt_ashenzari_visionary_swamp,
          grunt_ashenzari_visionary_snake], kennysheep_mini,
          lemuel_doored_altar, mainiacjoe_overflow_chevrons,
          minmay_ruined_shrine, uniq_blork_the_orc
D:5:      cheibrodos_fertilizer, layout_layer_cave, kennysheep_mini_moat,
          nicolae_overflow_hidden_temple, lemuel_round_altar,
          kennysheep_generic_room_7
D:6:      layout_loops_corners, nicolae_elyvilon_temple_path
D:7:      minmay_the_grid_four_pointed_star
          [minmay_the_grid_triangle_9x9_limited_checkers,
          minmay_the_grid_triangle_9x9_intruding_spiral,
          minmay_the_grid_triangle_9x9_zippers_horizontal,
          minmay_the_grid_triangle_9x9_fully_insulated_deathbox,
          minmay_the_grid_prize_big_room], layout_loops_ring,
          minmay_temple_entry_water_ring, dk_noncrumbling_3

Skill      XL: |  1  2  3  4  5  6  7  8  9 |
---------------+----------------------------+-----
Dodging        | 2 3 |  3.7
Spellcasting   | 3 4 |  4.5
Summonings     | 4 5 6 7 9 |  9.0
Air Magic      | 1 3 5 7 |  7.4
Stealth        | |  1.4

Action                     |  1- 3 |  4- 6 |  7- 9 || total
---------------------------+-------+-------+-------++-------
  Melee: Dagger            |    76 |     3 |       ||    79
         Trident           |       |   145 |   103 ||   248
         Punch             |       |     1 |       ||     1
   Cast: Summon Small Mamm |    20 |     4 |       ||    24
         Call Imp          |     7 |    23 |     4 ||    34
         Call Canine Famil |       |    13 |    16 ||    29
         Summon Lightning  |       |       |    32 ||    32
  Evoke: Wand              |       |     4 |     7 ||    11
    Use: Scroll            |       |     6 |     5 ||    11
         Potion            |       |       |     2 ||     2
   Stab: Distracted        |       |     1 |     1 ||     2
         Sleeping          |       |     3 |     2 ||     5
 Armour: Robe              |    24 |    47 |       ||    71
         Steam dragon scal |       |       |    43 ||    43
         Skin              |       |       |     5 ||     5
  Dodge: Dodged            |    46 |    82 |    45 ||   173
